 Dungeon Crawl Stone Soup version 0.29.1-1-gd02db6906a (webtiles) character file.

Game seed: 16882055546391483209

4053 LabCoat the Cleaver (level 10, -2/88 HPs)
             Began as a Hill Orc Fighter on Sept 15, 2022.
             Was a Priest of Trog.
             Slain by Maggie the naga
             ... wielding a +2 glaive of distortion
              (21 damage)
             ... on level 8 of the Dungeon.
             The game lasted 00:27:16 (8402 turns).

LabCoat the Cleaver (Hill Orc Fighter)              Turns: 8402, Time: 00:27:17

Health: -2/88      AC: 17    Str: 30    XL:     10   Next: 24%
Magic:  10/10      EV:  7    Int:  8    God:    Trog [***...]
Gold:   285        SH:  7    Dex: 14    Spells: 9/9 levels left

rFire   . . .      SeeInvis .   a - +0 war axe
rCold   . . .      Faith    +   c - +1 buckler
rNeg    . . .      Spirit   .   z - +0 plate armour
rPois   .          Reflect  .   (no helmet)
rElec   .          Harm     .   (no cloak)
rCorr   +          Rampage  .   l - +0 pair of gloves
Will    .....                   b - +1 pair of boots
Stlth   ..........              s - amulet of faith
HPRegen 0.24/turn               k - +6 ring of dexterity
MPRegen 0.12/turn               B - ring "Meadalau" {rCorr Str+6 Dex-2}

@: on berserk cooldown, slowed, very slow
A: no striking features
a: Renounce Religion, Berserk, Trog's Hand


You were on level 8 of the Dungeon.
You worshipped Trog.
Trog was most pleased with you.
You visited 2 branches of the dungeon, and saw 9 of its levels.

You collected 405 gold pieces.
You spent 120 gold pieces at shops.

Inventory:

Hand Weapons
 a - a +0 war axe (weapon)
 j - a +0 flail
 w - a +0 battleaxe
 K - a +2 mace of protection
Missiles
 E - 3 poisoned darts (quivered)
Armour
 b - a +1 pair of boots (worn)
 c - a +1 buckler (worn)
 l - a +0 pair of gloves (worn)
 z - a +0 plate armour (worn)
Jewellery
 k - a +6 ring of dexterity (left hand)
 q - an amulet of magic regeneration
 s - an amulet of faith (around neck)
 B - the ring "Meadalau" (right hand) {rCorr Str+6 Dex-2}
   (You found it on level 7 of the Dungeon)

   [ring of resist corrosion]

   Str:       It affects your strength (+6).
   Dex:       It affects your dexterity (-2).
   rCorr:     It protects you from acid and corrosion.
 C - a ring of see invisible
 D - a ring of willpower
Wands
 h - a wand of polymorph (6)
 x - a wand of light (7)
 y - a wand of flame (9)
 H - a wand of mindburst (31)
Scrolls
 p - 2 scrolls of blinking
 u - 3 scrolls of fear
 F - a scroll of poison
 G - 2 scrolls of teleportation
 J - 2 scrolls of fog
Potions
 d - 4 potions of might
 e - 3 potions of heal wounds
 f - 3 potions of resistance
 g - a potion of cancellation
 i - a potion of degeneration {unknown}
 m - a potion of curing
 n - a potion of haste {unknown}
 o - 2 potions of flight
 t - a potion of lignification {unknown}
 A - a potion of brilliance {unknown}


   Skills:
 + Level 8.2 Fighting
 * Level 8.5 Axes
 - Level 5.0 Throwing
 + Level 7.4 Armour
 + Level 7.5 Shields
 + Level 5.1 Evocations


You had 9 spell levels left.
You didn't know any spells.
Your spell library contained the following spells:

 Spells                   Type           Power      Damage    Failure   Level
 Static Discharge         Conj/Air       0%         3-3/arc   100%        2
 Lightning Bolt           Conj/Air       0%         1d11      100%        5
 Maxwell's Capacitive Co  Air            0%         ∞         100%        8
 Chain Lightning          Conj/Air       0%         N/A       100%        9
 Fire Storm               Conj/Fire      0%         5d1       100%        9
 Shatter                  Erth           0%         3d5*      100%        9


Dungeon Overview and Level Annotations

Branches:
Dungeon (8/15)             Temple (1/1) D:7
   Lair: D:8-11

Altars:
Ashenzari
Cheibriados
Dithmenos
Elyvilon
Fedhas
Gozag
Hepliaklqana
Kikubaaqudgha
Makhleb
Nemelex Xobeh
Okawaru
Qazlal
Ru
Sif Muna
Trog
Uskayaw
Vehumet
Wu Jian
Xom
Yredelemnul
Zin
The Shining One

Shops:
D:2 [   D:5 !(*?!

Annotations:
D:8 Maggie


Message History

You blink.
The acid dragon is no longer paralysed.
Maggie says, "Fear not.
I will immortalize you in the tale of my first kill."
You feel a strong urge to attack something.
You block the yak's attack. x2
You hit the yak.
The yak is almost dead.
You hit the yak. The yak gores you but does no damage.
A yak comes into view.
The yak gores you but does no damage.
You slash the yak!
You kill the yak!
Trog accepts your kill.
You barely miss the yak.
Maggie hits you from afar with a +2 glaive of distortion!
Space warps horribly around you! The acid dragon spits acid at you.
The splash of acid hits you. You resist. The yak barely misses you.
You see here a yak corpse.
You closely miss Maggie.
Maggie is heavily wounded.
You hit the yak.
You kill the yak!
Trog accepts your kill.
You slash the acid dragon!
You are no longer berserk.
You are exhausted.
You feel yourself slow down. Maggie spits poison at you.
The splash of poison misses you. The acid dragon barely misses you.
The acid dragon claws you but does no damage.
You closely miss Maggie.
Maggie is heavily wounded.
You closely miss the acid dragon. Maggie hits you but does no damage.
Space warps horribly around you!! Maggie barely misses you.
The acid dragon bites you!
* * * LOW HITPOINT WARNING * * *
The acid dragon claws you but does no damage.
Maggie hits you with a +2 glaive of distortion!!
You die...

# .... ... #..
######..
#......#######
..Y..........#
..####Y.####.#
#ND# #.# #@.#
#.# #..# #.#
#..# #.# #..#
#.# #..# #.#
..####..####.#
.............#
#..####..######
#..## #..####


You could see a yak, an acid dragon (catching breath) and Maggie the naga.

Vanquished Creatures
  A two-headed ogre (D:8)
  Pikel (D:8)
  2 yaks (D:8)
  Menkaure (D:5)
  A water moccasin (D:7)
  An orc warrior (D:8)
  A black bear (D:5)
  A centaur (D:7)
  3 ogres (D:5)
  2 phantoms
  A lemure (D:8)
  2 bullfrogs
  3 scorpions
  A necrophage (D:5)
  5 wights (D:5)
  9 killer bees (D:8)
  3 electric eels (D:6)
  A howler monkey (D:6)
  5 orc priests
  A gnoll bouda (D:7)
  2 hounds
  3 jellies
  2 iguanas (D:5)
  4 orc wizards
  5 gnolls (D:7)
  5 river rats (D:5)
  6 adders
  A shadow imp (D:6)
  3 white imps
  A worm (D:5)
  4 dart slugs
  12 orcs
  6 bats
  10 endoplasms
  7 goblins
  7 hobgoblins
  3 jackals (D:5)
  3 kobolds
  8 quokkas
  6 ball pythons
  2 frilled lizards
  16 rats
161 creatures vanquished.

Vanquished Creatures (others)
  2 plants (D:6)
2 creatures vanquished.

Grand Total: 163 creatures vanquished

Notes
Turn   | Place    | Note
-------+----------+-------------------------------------------
     0 | D:1      | LabCoat the Hill Orc Fighter began the quest for the Orb.
     0 | D:1      | Reached XP level 1. HP: 19/19 MP: 1/1
   236 | D:1      | Reached XP level 2. HP: 19/27 MP: 2/2
   692 | D:1      | Found a faded altar of an unknown god.
   831 | D:1      | Reached XP level 3. HP: 33/33 MP: 3/3
  1047 | D:2      | Found Zuplem's Antique Armour Emporium.
  1877 | D:3      | Reached XP level 4. HP: 40/40 MP: 4/4
  2068 | D:3      | Reached skill level 1 in Throwing
  2068 | D:3      | Reached XP level 5. HP: 31/47 MP: 5/5
  2890 | D:4      | Found a bloodstained altar of Trog.
  2890 | D:4      | Found a shadowy altar of Dithmenos.
  2890 | D:4      | Found a glowing silver altar of Zin.
  2897 | D:4      | Became a worshipper of Trog the Wrathful
  2951 | D:4      | Reached XP level 6. HP: 46/55 MP: 6/6
  2975 | D:4      | Reached skill level 5 in Fighting
  3945 | D:5      | Entered Level 5 of the Dungeon
  3945 | D:5      | Found Uxtusmi's Distillery.
  3954 | D:5      | Found Tadoeffu's Antique Weapon Boutique.
  3987 | D:5      | Reached skill level 1 in Evocations
  3991 | D:5      | Reached XP level 7. HP: 56/61 MP: 7/7
  4103 | D:5      | Identified the +3 whip of Fekijem {drain, Stlth+}
  4182 | D:5      | Found Wusat's General Store.
  4199 | D:5      | Found Ahip Byng's Magic Scroll Shoppe.
  4267 | D:5      | Found Ros Osij's Distillery.
  4270 | D:5      | Bought a potion of berserk rage for 60 gold pieces
  4270 | D:5      | Bought a potion of heal wounds for 60 gold pieces
  4290 | D:5      | Reached skill level 5 in Axes
  4356 | D:5      | Noticed Menkaure
  4357 | D:5      | Reached * piety under Trog
  4358 | D:5      | Reached skill level 5 in Armour
  4358 | D:5      | Reached skill level 5 in Shields
  4365 | D:5      | Killed Menkaure
  4547 | D:5      | Reached XP level 8. HP: 69/70 MP: 8/8
  5047 | D:5      | Reached ** piety under Trog
  5631 | D:6      | Found a transporter.
  5776 | D:6      | Found a transporter.
  5805 | D:6      | Reached XP level 9. HP: 57/78 MP: 9/9
  6936 | D:7      | Identified the ring "Meadalau" {rCorr Str+6 Dex-2}
  6944 | D:7      | Found a staircase to the Ecumenical Temple.
  6951 | Temple   | Entered the Ecumenical Temple
  7282 | D:7      | Reached *** piety under Trog
  8024 | D:8      | Noticed Pikel
  8035 | D:8      | Killed Pikel
  8054 | D:8      | Noticed a two-headed ogre
  8068 | D:8      | Killed a two-headed ogre
  8069 | D:8      | Reached skill level 5 in Evocations
  8069 | D:8      | Reached XP level 10. HP: 82/88 MP: 10/10
  8134 | D:8      | Found a hide-covered altar of Uskayaw.
  8160 | D:8      | Reached skill level 5 in Throwing
  8382 | D:8      | Noticed Maggie
  8391 | D:8      | Noticed Maggie
  8391 | D:8      | Maggie changed into Maggie the naga
  8402 | D:8      | Slain by Maggie the naga

Illustrated notes

Levels and vault maps discovered:
D:1:      dpeg_arrival_rooms_b, layout_basic, hellmonk_ecumenical_altar_zigzags,
          grunt_decor_fettered
D:2:      layout_basic, serial_shops, nicolae_shop_crystal
D:3:      layout_rooms
D:4:      layout_layer_cave, gammafunk_temple_overflow_claw,
          minmay_misc_feat_roman
D:5:      lemuel_ratsnest, layout_basic, serial_shops, shop,
          nicolae_stop_n_shop_2, nicolae_shop_waterfront, kennysheep_mini_moat,
          shop, nicolae_fountain_basement, uniq_menkaure
D:6:      gammafunk_steamed_eel, layout_basic
D:7:      layout_cave_pools, minmay_temple_entry_wispy, hangedman_decor_opposing
D:8:      layout_loops_ring, nicolae_uskayaw_suspiria, corexii_hall_statues_u,
          uniq_pikel, uniq_maggie, uniq_amaemon
Temple:   mainiacjoe_temple_bowtie_tessellation

Skill      XL: |  1  2  3  4  5  6  7  8  9 10 |
---------------+-------------------------------+-----
Axes           | 3 4 5 6 8 |  8.5
Fighting       | 4 5 6 8 |  8.2
Armour         | 4 5 6 7 |  7.4
Shields        | 4 5 6 7 |  7.5
Throwing       | 1 2 3 4 5 |  5.0
Evocations     | 1 2 3 5 |  5.1

Action                   |  1- 3 |  4- 6 |  7- 9 | 10-12 || total
-------------------------+-------+-------+-------+-------++-------
Melee: War axe           |    84 |    78 |   237 |    21 ||   420
Throw: Boomerang         |    29 |       |       |     2 ||    31
       Dart              |     6 |     9 |    18 |     3 ||    36
Invok: Trog's Hand       |       |       |     1 |       ||     1
Evoke: Wand              |       |     3 |    22 |     9 ||    34
  Use: Scroll            |     7 |     4 |     6 |       ||    17
       Potion            |       |       |     1 |     1 ||     2
 Stab: Paralysed         |       |     4 |    13 |     1 ||    18
       Invisible         |       |       |     2 |       ||     2
Armor: Scale mail        |    45 |    12 |       |       ||    57
       Chain mail        |       |    17 |    81 |       ||    98
       Plate armour      |       |       |    53 |    18 ||    71
Dodge: Dodged            |    49 |    19 |    60 |     7 ||   135
Block: Buckler           |    18 |    24 |    86 |     9 ||   137
